 Dungeon Crawl Stone Soup version 0.27.0-1-g7a089689b8 (webtiles) character file.

Game seed: 8023600606045649075

690 Brandom the Chopper (level 7, -9/61 HPs)
             Began as a Hill Orc Abyssal Knight on Aug 5, 2021.
             Was a Believer of Lugonu.
             Killed from afar by a steam dragon (17 damage)
             ... with a ball of steam
             ... on level 4 of the Dungeon.
             The game lasted 00:07:38 (5555 turns).

Brandom the Chopper (Hill Orc Abyssal Knight)       Turns: 5555, Time: 00:07:38

Health: -9/61      AC:  5    Str: 17    XL:     7   Next: 63%
Magic:  19/19      EV: 11    Int: 12    God:    Lugonu [**....]
Gold:   209        SH:  5    Dex: 16    Spells: 6/6 levels left

rFire    . . .     SeeInvis .   t - +0 war axe
rCold    . . .     Faith    .   (no shield)
rNeg     . . .     Spirit   .   c - +0 ring mail
rPois    .         Reflect  +   (no helmet)
rElec    .         Harm     .   (no cloak)
rCorr    .         Rampage  .   (no gloves)
Will     .....                  (no boots)
Stlth    +.........             l - amulet of reflection
HPRegen  0.20/turn              h - ring of magical power
MPRegen  0.16/turn              r - +6 ring of dexterity

@: no status effects
A: no striking features
a: Renounce Religion, Depart the Abyss, Bend Space


You were on level 4 of the Dungeon.
You worshipped Lugonu.
Lugonu was pleased with you.
You visited 1 branch of the dungeon, and saw 4 of its levels.
You visited the Abyss 1 time.

You collected 209 gold pieces.

Inventory:

Hand Weapons
 a - a +1 hand axe
 t - a +0 war axe (weapon)
   (You found it on level 3 of the Dungeon)
Armour
 b - a +0 leather armour
 c - a +0 ring mail (worn)
   (You found it on level 1 of the Dungeon)
Jewellery
 f - a ring of fire
   (You found it on level 1 of the Dungeon)
 h - a ring of magical power (left hand)
   (You took it off a hobgoblin on level 1 of the Dungeon)
 l - an amulet of reflection (around neck)
   (You found it on level 2 of the Dungeon)
 p - an amulet of the acrobat
   (You found it on level 4 of the Dungeon)
 r - a +6 ring of dexterity (right hand)
   (You found it on level 4 of the Dungeon)
 s - an amulet of faith {!P}
   (You found it on level 4 of the Dungeon)
Scrolls
 d - a scroll of blinking {unknown}
 e - a scroll of amnesia {unknown}
 g - 2 scrolls of immolation {unknown}
 i - 4 scrolls of identify {unknown}
 k - a scroll of teleportation {unknown}
 m - a scroll of enchant armour {unknown}
 o - 2 scrolls of enchant weapon {unknown}
Potions
 j - a potion of might {unknown}
 n - a potion of attraction {unknown}
 q - 2 potions of cancellation {unknown}


   Skills:
 + Level 5.4 Fighting
 * Level 6.6 Axes
 + Level 4.2 Armour
 + Level 2.6 Dodging
 + Level 4.7 Invocations


You had 6 spell levels left.
You didn't know any spells.
Your spell library contained the following spells:

 Spells                   Type           Power      Damage    Failure   Level
 Foxfire                  Conj/Fire      0%         2x1d4     50%         1
 Conjure Flame            Conj/Fire      0%         6-21      86%         3
 Inner Flame              Hex/Fire       0%         N/A       86%         3


Dungeon Overview and Level Annotations

Branches:
Dungeon (4/15)
 Temple: D:4-7

Altars:
Ashenzari
Fedhas
Okawaru
Yredelemnul

Shops:
D:4 [


Message History

Unknown command.
You start resting.
You can no longer banish your foes.
You see here a +0 war axe.
You see here a +0 war axe.
t - a +0 war axe
t - a +0 war axe (weapon)
There is a stone staircase leading down here.
You climb downwards.
The jackal barely misses you. x2
The jackal bites you but does no damage.
There is a stone staircase leading up here.
You slash the jackal!
You kill the jackal!
Lugonu accepts your kill. The steam dragon breathes steam at you.
The ball of steam hits you!
No target in view!
No target in view!
No target in view!
No target in view!
No target in view!
No target in view!
No target in view!
No target in view!
No target in view!
Unknown command.
You are engulfed in a cloud of scalding steam.
The steam dragon bites you. The steam dragon claws you.
You slash the steam dragon!
You are engulfed in a cloud of scalding steam.
The steam dragon bites you. The steam dragon barely misses you.
You barely miss the steam dragon.
You are engulfed in a cloud of scalding steam.
* * * LOW HITPOINT WARNING * * *
The steam dragon barely misses you. The steam dragon claws you.
* * * LOW HITPOINT WARNING * * *
The steam dragon breathes steam at you. The ball of steam misses you.
You hit the steam dragon. The steam dragon bites you.
* * * LOW HITPOINT WARNING * * *
The steam dragon misses you.
You slash the steam dragon! The steam dragon bites you.
* * * LOW HITPOINT WARNING * * *
The steam dragon claws you.
* * * LOW HITPOINT WARNING * * *
Okay, then.
You completely miss the steam dragon. The steam dragon breathes steam at you.
The ball of steam hits you!
You die...

..................##
....#...........### #######
..###..........#### #.....#
....###...........# #.###.###
....##....§§.§§...# #.#⌠#.#⌠#
.#............§..### ###.#.....#
.#..........§§§.##<###...#.._..#
.###...⌠.......§....#....#.....#
.###............@........#######
...#.......##....D.....###
...#.......#..#........##
..............#.........#
...##.####..###........##
#...### #...##........#
##)#######.............##
##.........###..........#
##.#..#.#..###..##.....##


You could see a steam dragon (catching breath).

Vanquished Creatures
  2 black bears (D:4)
  A water moccasin skeleton (D:4)
  3 hounds
  A centaur skeleton (D:4)
  Jessica (D:3)
  An iguana (D:4)
  5 adders
  A gnoll (D:1)
  An ufetubus (D:4)
  2 adder skeletons (D:4)
  3 worms
  4 dart slugs
  5 ball pythons
  4 endoplasms
  A giant cockroach (D:2)
  8 goblins
  8 hobgoblins
  11 jackals
  2 quokkas
  6 bats
  2 frilled lizards (D:2)
  7 kobolds
  2 rats
81 creatures vanquished.

Vanquished Creatures (others)
  An endoplasm (D:4)
  A quokka (D:4)
2 creatures vanquished.

Grand Total: 83 creatures vanquished

Notes
Turn   | Place    | Note
-------+----------+-------------------------------------------
     0 | Abyss:1  | Brandom the Hill Orc Abyssal Knight began the quest for the
                  | Orb.
     0 | Abyss:1  | Reached XP level 1. HP: 19/19 MP: 2/2
    38 | Abyss:1  | Found a corrupted altar of Lugonu.
    52 | Abyss:1  | Noticed a small abomination
    73 | D:1      | Escaped the Abyss
   419 | D:1      | Reached skill level 3 in Axes
   469 | D:1      | Reached XP level 2. HP: 18/27 MP: 3/3
   472 | D:1      | Reached skill level 1 in Dodging
   798 | D:1      | Reached XP level 3. HP: 26/33 MP: 5/5
  1347 | D:2      | Reached ** piety under Lugonu
  1975 | D:2      | Reached XP level 4. HP: 34/40 MP: 6/6
  2162 | D:2      | Reached skill level 4 in Axes
  3054 | D:3      | Noticed Jessica
  3068 | D:3      | Killed Jessica
  3069 | D:3      | Reached XP level 5. HP: 35/47 MP: 7/7
  3391 | D:3      | Found a basalt altar of Yredelemnul.
  3703 | D:4      | Noticed a black bear
  3711 | D:4      | Reached skill level 5 in Axes
  3712 | D:4      | Reached XP level 6. HP: 42/53 MP: 8/8
  3725 | D:4      | HP: 1/53 [black bear (2)]
  3726 | D:4      | Killed a black bear
  4025 | D:4      | Noticed a black bear
  4039 | D:4      | Killed a black bear
  4040 | D:4      | Reached skill level 5 in Fighting
  4087 | D:4      | Reached *** piety under Lugonu
  4088 | D:4      | Reached XP level 7. HP: 51/61 MP: 10/10
  4195 | D:4      | Found an iron altar of Okawaru.
  4196 | D:4      | Found a blossoming altar of Fedhas.
  4263 | D:4      | Reached skill level 6 in Axes
  4871 | D:4      | Found a broken altar of Ashenzari.
  4931 | D:4      | Found Gupopl Ovia's Antique Armour Shoppe.
  5144 | D:4      | Noticed a steam dragon
  5202 | D:3      | HP: 2/61 [hound (5)]
  5555 | D:4      | Killed from afar by a steam dragon

Illustrated notes

Levels and vault maps discovered:
D:1:      minmay_arrival_three_doors, layout_basic
D:2:      layout_basic
D:3:      layout_basic, mainiacjoe_overflow_surrounded_room,
          kennysheep_generic_room_11, uniq_jessica
D:4:      kennysheep_big_flooded_room, layout_cave_pools,
          mainiacjoe_overflow_alcove_2, mainiacjoe_overflow_catwalk_spiral,
          minmay_temple_entry_poolview, serial_shops, nicolae_take_the_stairs,
          solitary_fountain, minmay_misc_feat_plants, minivault_5,
          grunt_ministairs_1, minmay_manual_monolith

Skill      XL: |  1  2  3  4  5  6  7 |
---------------+----------------------+-----
Axes           | 3 4 5 6 |  6.6
Dodging        | 1 2 |  2.6
Fighting       | 4 5 |  5.4
Invocations    | 3 4 |  4.7
Armour         | 3 4 |  4.2

Action                   |  1- 3 |  4- 6 |  7- 9 || total
-------------------------+-------+-------+-------++-------
Melee: Hand axe          |   120 |   154 |    67 ||   341
       War axe           |       |       |     6 ||     6
Invok: Banish            |       |       |     2 ||     2
Armor: Ring mail         |    62 |    67 |    26 ||   155
       Leather armour    |     2 |       |       ||     2
Dodge: Dodged            |    82 |   124 |    51 ||   257
Block: Other             |       |    33 |    16 ||    49
